 Dungeon Crawl Stone Soup version 0.28.0-47-ge53b351184 (webtiles) character file.

Game seed: 1041828797032478355

90456 Faeu the Warrior (level 15, -3/135 HPs)
             Began as a Minotaur Fighter on May 10, 2022.
             Was a High Priest of Hepliaklqana.
             Slain by a white ugly thing (28 damage)
             ... on level 15 of the Dungeon.
             The game lasted 02:31:07 (21448 turns).

Faeu the Warrior (Minotaur Fighter)                Turns: 21448, Time: 02:31:08

Health: -3/135     AC: 38    Str: 33    XL:     15   Next: 52%
Magic:  14/14      EV:  9    Int:  3    God:    Hepliaklqana [*****.]
Gold:   2015       SH:  0    Dex:  5    Spells: 14/14 levels left

rFire   + . .      SeeInvis .   a - +7 battleaxe "Wihy" {spect, rElec rN+ Str+5 Dex-5, axe}
rCold   x . .      Faith    .   (shield currently unavailable)
rNeg    + . .      Spirit   .   I - +3 crystal plate armour {rare=g}
rPois   .          Reflect  .   (helmet unavailable)
rElec   +          Harm     .   L - +2 cloak
rCorr   .          Rampage  .   (no gloves)
Will    ++...                   K - +0 pair of boots
Stlth   ..........              w - amulet of regeneration {@e2}
HPRegen 1.12/turn               g - +4 ring of protection
MPRegen 0.14/turn               Q - ring of fire

@: no status effects
A: reduced essence, horns 3, retaliatory headbutt, dopey 1, strong-willed 1
a: Renounce Religion, Recall Ancestor, Ancestor Identity, Transference, Idealise


You were on level 15 of the Dungeon.
You worshipped Hepliaklqana.
Hepliaklqana was extremely pleased with you.
You visited 6 branches of the dungeon, and saw 22 of its levels.
You also visited: Gauntlet.

You collected 2015 gold pieces.


Innate Abilities, Weirdness & Mutations

Your life essence is reduced to manifest your ancestor. (-10% HP)
You have a pair of large horns on your head.
You reflexively headbutt those who attack you in melee.
You are dopey. (Int -2)
You are strong-willed. (Will+)


   Skills:
 + Level 18.5 Fighting
 + Level 18.3 Axes
 + Level 18.5 Armour
 - Level 9.4 Dodging
 - Level 4.9 Shields


You had 14 spell levels left.
You didn't know any spells.
Your spell library contained the following spells:

 Spells                   Type           Power      Damage    Failure   Level
 Ensorcelled Hibernation  Hex/Ice        0%         N/A       100%        2
 Dazzling Flash           Conj/Hex       0%         N/A       100%        3
 Frozen Ramparts          Ice            0%         1d2       100%        3
 Gell's Gravitas          Tloc           0%         N/A       100%        3
 Spider Form              Tmut/Pois      0%         N/A       100%        3
 Teleport Other           Tloc           0%         N/A       100%        3
 Anguish                  Hex/Necr       0%         N/A       100%        4
 Animate Dead             Necr           0%         N/A       100%        4
 Ice Form                 Ice/Tmut       0%         N/A       100%        4
 Iskenderun's Mystic Bla  Conj/Tloc      0%         2d3       100%        4
 Petrify                  Tmut/Erth      0%         N/A       100%        4
 Summon Ice Beast         Ice/Summ       0%         N/A       100%        4
 Metabolic Englaciation   Hex/Ice        0%         N/A       100%        5
 Summon Forest            Summ/Tloc      0%         N/A       100%        5
 Summon Mana Viper        Hex/Summ       0%         N/A       100%        5
 Conjure Ball Lightning   Conj/Air       0%         3x3d6     100%        6
 Dispersal                Tloc           0%         N/A       100%        6
 Starburst                Conj/Fire      0%         6d3       100%        6
 Statue Form              Tmut/Erth      0%         N/A       100%        6
 Summon Cactus Giant      Summ           0%         N/A       100%        6
 Haunt                    Necr/Summ      0%         N/A       100%        7
 Discord                  Hex            0%         N/A       100%        8
 Disjunction              Tloc           0%         N/A       100%        8
 Infestation              Necr           0%         N/A       100%        8

Inventory:

Hand Weapons
 a - the +7 battleaxe "Wihy" (weapon) {spect, rElec rN+ Str+5 Dex-5, axe}
   (You took it off a minotaur in a Gauntlet)

   When its wielder attacks, the weapon's spirit leaps out and strikes again.
   The spirit shares a part of any damage it takes with its wielder.
   Str:       It affects your strength (+5).
   Dex:       It affects your dexterity (-5).
   rElec:     It insulates you from electricity.
   rN:        It protects you from negative energy.
 b - a +3 battleaxe of flaming {axe}
   (You subdued it on level 1 of the Elven Halls)
 e - the +0 trident "Noung" {vorpal, rF+ rC+ rCorr, polearm}
   (You found it on level 14 of the Dungeon)

   It inflicts extra damage upon your enemies.
   rF:        It protects you from fire.
   rC:        It protects you from cold.
   rCorr:     It protects you from acid and corrosion.
 p - a +2 hand axe of venom {axe}
   (You took it off an orc on level 2 of the Dungeon)
 E - a +2 double sword of holy wrath {longrare=g}
   (You took it off a yaktaur captain on level 14 of the Dungeon)
 N - a +4 flail of freezing {mace}
   (You took it off a wight on level 8 of the Dungeon)
 Y - the +10 lajatang "Wuytej" {vorpal, *Slow +Blink Str+7 Dex+2, staff}
   (You found it on level 4 of the Dungeon)

   It inflicts extra damage upon your enemies.
   Str:       It affects your strength (+7).
   Dex:       It affects your dexterity (+2).
   +Blink:    It lets you blink.
   *Slow:     It may slow you when you take damage.
Missiles
 n - 2 javelins {throwing}
 r - a silver boomerang {throwing}
 G - 6 silver javelins {throwing}
 P - 8 boomerangs {throwing}
 T - 4 atropa-tipped darts (quivered) {throwing}
Armour
 c - a +0 kite shield
   (You took it off a gnoll sergeant on level 5 of the Dungeon)
 q - the +0 helmet "Lomnypn" {rCorr}
   (You found it in a Gauntlet)

   rCorr:     It protects you from acid and corrosion.
 I - a +3 crystal plate armour (worn) {rare=g}
   (You found it on level 7 of the Dungeon)
 J - a +1 hat
   (You found it on level 7 of the Dungeon)
 K - a +0 pair of boots (worn)
   (You found it on level 7 of the Dungeon)
 L - a +2 cloak (worn)
   (You found it on level 14 of the Dungeon)
Jewellery
 f - a ring of positive energy
   (You took it off a minotaur in a Gauntlet)
 g - a +4 ring of protection (left hand)
   (You found it on level 1 of the Dungeon)
 v - a +4 ring of evasion
   (You found it on level 11 of the Dungeon)
 w - an amulet of regeneration (around neck) {@e2}
   (You found it on level 5 of the Dungeon)
 H - a ring of resist corrosion
   (You found it on level 7 of the Dungeon)
 O - an amulet of magic regeneration {@e2}
   (You found it in a Gauntlet)
 Q - a ring of fire (right hand)
   (You found it on level 11 of the Dungeon)
Wands
 A - a wand of digging (18)
   (You found it on level 6 of the Dungeon)
 B - a wand of paralysis (8)
   (You found it on level 6 of the Dungeon)
 C - a wand of iceblast (19)
   (You found it on level 6 of the Dungeon)
 M - a wand of flame (12)
   (You found it on level 1 of the Elven Halls)
 W - a wand of polymorph (11)
   (You found it on level 11 of the Dungeon)
Scrolls
 h - 4 scrolls of immolation {!r!r}
 k - 3 scrolls of silence {!r}
 o - 4 scrolls of teleportation {@r4}
 t - a scroll of enchant weapon
 u - a scroll of summoning
 y - 2 scrolls of vulnerability {!r!r}
 z - 2 scrolls of holy word
 R - a scroll of blinking {!r}
 U - a scroll of magic mapping {!r}
 V - a scroll of identify {@r1}
 X - a scroll of torment {unknown}
Potions
 d - 3 potions of might
 i - 5 potions of curing {@q1}
 j - 5 potions of heal wounds {@q2}
 l - 3 potions of mutation {!q}
 m - a potion of magic {unknown}
 x - 7 potions of haste {@q3}
 D - a potion of attraction {!q}
 F - 3 potions of resistance
 S - 2 potions of flight
Miscellaneous
 s - a tin of tremorstones (2/2) {throwing}
   (You found it in a Gauntlet)

Dungeon Overview and Level Annotations

Branches:
Dungeon (15/15)            Temple (1/1) D:5            Lair (1/6) D:8
    Orc (2/2) D:11            Elf (2/3) Orc:2        Vaults (0/5) D:13
 Depths (1/4) D:15        Gauntlet (visited)

Altars:
Ashenzari
Cheibriados
Dithmenos
Elyvilon
Fedhas
Gozag
Hepliaklqana
Kikubaaqudgha
Makhleb
Nemelex Xobeh
Okawaru
Qazlal
Ru
Sif Muna
Trog
Uskayaw
Vehumet
Wu Jian
Xom
Yredelemnul
Zin
The Shining One
Beogh

Shops:
D:9 (   D:10 :   D:11 ?   Orc:1 (   Orc:2 ([?:

Annotations:
D:12 Fannar

..........##......#...##.#
.......##..#......#...####
....##....##.....8...###
.....####......P8.P....#
.....###..88...........###
..#...#.....))8)......8..##
##.......#.88..8..........#
##..###.........y.....8...##
#..######...P..†@R.........#
.......#.......u(.........##
.....#.....P.......8...####
....##.................#
....##.....8..P...P....#
###.#..###............##
.............8.....PP##
...................###
...........#.#..##.#


You could see the friendly Sanele the hexer, a white ugly thing, a spark wasp
and a friendly +7 battleaxe "Wihy" {spect, rElec rN+ Str+5 Dex-5, axe}
(summoned).


Message History

There is a staircase back to the Dungeon, spattered with blood here. 😕 HP[-17]
You take 17 damage, and now have 118/135 hp.
Sanele hits the spark wasp with a +0 dagger of draining!
Sanele drains the spark wasp.
The deep troll closely misses you.
The deep troll claws you but does no damage.
The deep troll claws you!
The spark wasp stings you but does no damage.
The purple very ugly thing completely misses you.
You climb upwards.
Welcome back to the Dungeon!
There is a staircase to the Depths, spattered with blood here.
Things that are here:
+0 ice dragon scales; an ice dragon corpse 😕 HP[-6]
You take 6 damage, and now have 112/135 hp.
You open the purple very ugly thing like a pillowcase!!!
You hit the deep troll but do no damage.
Your +7 battleaxe "Wihy" {spect, rElec rN+ Str+5 Dex-5, axe} hits the deep troll.
Sanele hits the purple very ugly thing but does no damage.
Sanele drains the purple very ugly thing.
The deep troll bites you but does no damage.
The deep troll claws you but does no damage.
The deep troll barely misses you. 😕 HP[+1]
You slice the purple very ugly thing!!
Your headbutt misses the purple very ugly thing.
You closely miss the deep troll.
Your +7 battleaxe "Wihy" {spect, rElec rN+ Str+5 Dex-5, axe} hits the deep troll!
The purple very ugly thing punches you.
The deep troll bites you but does no damage.
The deep troll claws you. The deep troll barely misses you.
Sanele hits the purple very ugly thing but does no damage. 😕 HP[-3]
You take 3 damage, and now have 110/135 hp.
You completely miss the purple very ugly thing.
You slice the deep troll!!
Your +7 battleaxe "Wihy" {spect, rElec rN+ Str+5 Dex-5, axe} hits the deep troll!!
You kill the deep troll!
The purple very ugly thing punches you but does no damage.
Sanele points at the purple very ugly thing and mumbles some strange words.
The purple very ugly thing resists with some effort. 😕 HP[+1]
You strike the helpless purple very ugly thing from behind!
You hit the purple very ugly thing but do no damage.
Your headbutt misses the purple very ugly thing.
Your +7 battleaxe "Wihy" {spect, rElec rN+ Str+5 Dex-5, axe} hits the purple very ugly thing!!
The purple very ugly thing punches you. 😕 HP[-1]
You take 1 damage, and now have 110/135 hp.
You slash the purple very ugly thing!
Your headbutt misses the purple very ugly thing.
Your +7 battleaxe "Wihy" {spect, rElec rN+ Str+5 Dex-5, axe} barely misses the purple very ugly thing.
Sanele hits the purple very ugly thing with a +0 dagger of draining.
Sanele drains the purple very ugly thing.
The purple very ugly thing dies! 😕 HP[+1]
You start resting.
HP restored. 😎 HP[+24]
You climb downwards.
Welcome back to the Depths!
The ice dragon roars deafeningly!
You hear a roar!
You hear a horrible gurgling sound!
A necromancer comes into view. It is wielding a +0 dagger.
The white ugly thing engulfs you but does no damage.
The spark wasp stings you! The spark wasp shocks you. You resist.
The necromancer casts a spell.
The necromancer binds the souls of nearby monsters.
There is a staircase back to the Dungeon, spattered with blood here. 😕 HP[-19]
You take 19 damage, and now have 116/135 hp.
The spark wasp barely misses you. The white ugly thing engulfs you!
The white ugly thing freezes you!!!
You feel a terrible chill!
* * * LOW HITPOINT WARNING * * *
The ice dragon breathes frost at you.
The blast of cold misses Sanele.
The blast of cold hits you!!
You feel a terrible chill!
* * * LOW HITPOINT WARNING * * *
You hear a horrible gurgling sound!
You climb upwards.
Welcome back to the Dungeon!
There is a staircase to the Depths, spattered with blood here.
Things that are here:
+0 ice dragon scales; an ice dragon corpse 😨 HP[-77]
You take 77 damage, and now have 39/135 hp.
MASSIVE DAMAGE!! (PAUSE)
You slice the glowing orange brain!! You headbutt the glowing orange brain!!
You kill the glowing orange brain!
You slash the white ugly thing!
You hit the spark wasp but do no damage.
Your +7 battleaxe "Wihy" {spect, rElec rN+ Str+5 Dex-5, axe} hits the white ugly thing!
The spark wasp stings you.
* * * LOW HITPOINT WARNING * * *
The spark wasp shocks you. You resist.
* * * LOW HITPOINT WARNING * * *
The white ugly thing engulfs you!
* * * LOW HITPOINT WARNING * * *
The white ugly thing freezes you!!
You feel a terrible chill!
You die...

Skill      XL: |  1  2  3  4  5  6  7  8  9 10 11 12 13 14 15 |
---------------+----------------------------------------------+-----
Dodging        | 1 2 3 4 6 7 9 |  9.4
Fighting       | 4 5 6 7 9 10 12 14 16 17 18 | 18.5
Armour         | 4 5 6 7 9 10 12 14 16 17 18 | 18.5
Shields        | 4 |  4.9
Axes           | 3 4 5 7 8 10 12 14 15 17 18 | 18.3

Action                   |  1- 3 |  4- 6 |  7- 9 | 10-12 | 13-15 || total
-------------------------+-------+-------+-------+-------+-------++-------
Melee: War axe           |    65 |    65 |       |     9 |   255 ||   394
       Headbutt          |    10 |    22 |    20 |    77 |   121 ||   250
       Hand axe          |       |    36 |       |       |       ||    36
       Lajatang          |       |    21 |   121 |   397 |    10 ||   549
       Flail             |       |       |       |     6 |       ||     6
       Battleaxe         |       |       |       |       |   267 ||   267
Throw: Boomerang         |       |       |       |     8 |     1 ||     9
       Dart              |       |       |       |     2 |     1 ||     3
Invok: Ancestor Life: He |       |       |       |     1 |       ||     1
       Recall Ancestor   |       |       |       |     1 |       ||     1
 Abil: Evoke Blink       |       |       |       |     2 |       ||     2
Evoke: Wand              |       |       |       |     2 |       ||     2
       Tin of tremorston |       |       |       |       |     1 ||     1
  Use: Scroll            |       |       |     8 |    16 |     5 ||    29
       Potion            |       |       |     2 |     1 |     7 ||    10
 Stab: Confused          |       |       |       |     2 |     4 ||     6
       Distracted        |       |       |       |     1 |     7 ||     8
       Paralysed         |       |       |       |       |     1 ||     1
Armor: Scale mail        |    38 |    33 |       |       |       ||    71
       Chain mail        |       |    28 |    20 |       |       ||    48
       Crystal plate arm |       |       |    80 |   397 |   483 ||   960
Dodge: Dodged            |    33 |    72 |    64 |   295 |   232 ||   696
Block: Buckler           |    11 |    25 |       |       |    21 ||    57
       Kite shield       |       |       |       |       |    52 ||    52

Levels and vault maps discovered:
D:1:      ldierk_walled_garden_2, layout_rooms, ebering_ecumenical_altar_hall
D:2:      layout_loops_ring, kennysheep_donut, uniq_terence, uniq_natasha
D:3:      layout_loops_ring, dk_yredelemnul_ordeal, lexackson_kobold_supper
D:4:      layout_loops_ring
D:5:      layout_rooms, mainiacjoe_overflow_six_doors_small,
          minmay_temple_entry_mist, uniq_duvessa, uniq_grinder
D:6:      layout_loops_corners, fedhas_altar_4, minivault_10
D:7:      layout_loops_ring, minitemple, elyvilon_altar_4,
          mainiacjoe_overflow_two_lobes
D:8:      layout_basic, nicolae_kikubaaqudgha_miasma_corner,
          due_lair_maze_entry_diamond, serial_rivers,
          chequers_serial_rivers_large_a, chequers_serial_rivers_room_a,
          chequers_serial_rivers_room_b, chequers_serial_rivers_micro_c,
          chequers_serial_rivers_large_b, chequers_serial_rivers_micro_c
D:9:      layout_loops_ring, trog_book, nicolae_stop_n_shop_1
D:10:     layout_loops_cross, serial_shops, kennysheep_mini,
          serial_bayou_pond_a, kennysheep_generic_room_3
D:11:     layout_loops_cross, orc_0_dummy, serial_shops, shop
D:12:     layout_stronghold, serial_shops, kennysheep_mini_moat, slow_altar_1,
          uniq_fannar
D:13:     layout_long_grid, grunt_vaults_entry_fortified, gauntlet_entry_generic
D:14:     kennysheep_snake, layout_small_grid, minmay_holes, serial_bayou,
          serial_bayou_lagoon_a, serial_bayou_pond_c, serial_bayou_pond_b,
          serial_bayou_crossing
D:15:     gammafunk_depths_entry_grave, layout_cave_pools, minivault_23
Temple:   dpeg_chambers_temple
Lair:1:   layout_regular_city, enter_volcano_2, infiniplex_staircase_pool_2,
          grunt_megastairs_5
Orc:1:    layout_caves, nicolae_orc_flooded_monolith, nicolae_shop_firing_range,
          uniq_josephine, uniq_nergalle
Orc:2:    st_orc_mages, layout_caves, david_defended_altar_orc
Elf:1:    layout_rooms, minivault_28, eino_tiny_chamber, grunt_megastairs_2
Elf:2:    nicolae_elf_blades_splatter_lattice [nicolae_blade_entry_antechamber],
          layout_geoelf_octagon, nicolae_trove_entry_path_of_doom, serial_shops,
          shop_statue, nicolae_shop_crystal, shop, shop, shop,
          dk_noncrumbling_2, guppyfry_elf_garden, uniq_aizul
Depths:1: layout_honeycomb, nicolae_ashenzari_skybound, hellmouth_3,
          yredelemnul_altar_generic, uniq_sojobo

Notes
Turn   | Place    | Note
-------+----------+-------------------------------------------
     0 | D:1      | Faeu the Minotaur Fighter began the quest for the Orb.
     0 | D:1      | Reached XP level 1. HP: 19/19 MP: 0/0
     0 | D:1      | magus.rc [v1.9.6]
   134 | D:1      | Reached XP level 2. HP: 24/27 MP: 1/1
   179 | D:1      | Found a faded altar of an unknown god.
   297 | D:1      | Reached skill level 1 in Dodging
   527 | D:2      | Reached skill level 4 in Fighting
   616 | D:2      | Reached skill level 4 in Armour
   616 | D:2      | Reached XP level 3. HP: 33/33 MP: 2/2
   657 | D:2      | Reached skill level 4 in Shields
   744 | D:2      | Noticed Natasha
   751 | D:2      | Killed Natasha
   752 | D:2      | Reached skill level 3 in Axes
   833 | D:2      | Reached XP level 4. HP: 33/40 MP: 3/3
   859 | D:2      | Noticed Natasha
   863 | D:2      | Killed Natasha
   912 | D:2      | Noticed Natasha
   917 | D:2      | Killed Natasha
   918 | D:2      | Reached skill level 2 in Dodging
  1301 | D:2      | Noticed Terence
  1309 | D:2      | Killed Terence
  1310 | D:2      | Reached XP level 5. HP: 35/47 MP: 4/4
  1767 | D:3      | HP: 11/47 [iguana (10)]
  2191 | D:3      | Reached skill level 4 in Axes
  2580 | D:3      | Reached XP level 6. HP: 52/55 MP: 3/5
  2624 | D:3      | Reached skill level 5 in Fighting
  2624 | D:3      | Reached skill level 5 in Armour
  2739 | D:3      | Found a runed translucent door.
  2739 | D:3      | Noticed a human
  2741 | D:3      | Found a basalt altar of Yredelemnul.
  2854 | D:4      | Identified the +10 lajatang "Wuytej" {vorpal, *Slow +Blink
                  | Str+7 Dex+2}
  3135 | D:4      | Reached skill level 3 in Dodging
  3180 | D:4      | Noticed an ice beast
  3192 | D:4      | Killed an ice beast
  3193 | D:4      | Reached XP level 7. HP: 60/61 MP: 6/6
  3414 | D:5      | Entered Level 5 of the Dungeon
  3438 | D:5      | Found a staircase to the Ecumenical Temple.
  3454 | Temple   | Entered the Ecumenical Temple
  3712 | D:5      | Reached skill level 5 in Axes
  3899 | D:6      | Reached skill level 4 in Dodging
  3904 | D:6      | Reached skill level 6 in Armour
  3972 | D:6      | You pick up a book of Sloth and begin reading...
  3972 | D:6      | You add the spells Petrify, Metabolic Englaciation and
                  | Statue Form to your library.
  4002 | D:6      | You pick up a book of Death and begin reading...
  4002 | D:6      | You add the spells Animate Dead, Haunt and Infestation to
                  | your library.
  4052 | D:6      | Reached skill level 6 in Fighting
  4275 | D:6      | Found a blossoming altar of Fedhas.
  4467 | D:6      | Reached XP level 8. HP: 71/71 MP: 7/7
  4741 | D:6      | Reached skill level 6 in Axes
  4972 | D:7      | Reached skill level 5 in Dodging
  5099 | D:7      | Found a white marble altar of Elyvilon.
  5200 | D:7      | Found a glowing golden altar of the Shining One.
  5200 | D:7      | Found an ornate altar of the Wu Jian Council.
  5203 | D:7      | Found a burning altar of Makhleb.
  5205 | D:7      | Found a hazy altar of Hepliaklqana.
  5212 | D:7      | Became a worshipper of Hepliaklqana the Forgotten
  5403 | D:7      | Identified a +0 crystal plate armour
  5404 | D:7      | I - a +0 crystal plate armour {rare=g}
  5550 | D:7      | Reached skill level 7 in Fighting
  5550 | D:7      | Reached skill level 7 in Armour
  5641 | D:7      | You finish putting on your +0 crystal plate armour
                  | {rare=g}.
  5663 | D:7      | Found a shimmering blue altar of Sif Muna.
  5726 | D:7      | Found a broken altar of Ashenzari.
  5742 | D:7      | Gained mutation: Your magical capacity is low. (-10% MP)
                  | [potion of mutation]
  5743 | D:7      | Lost mutation: Your magical capacity is low. (-10% MP)
                  | [potion of mutation]
  5743 | D:7      | Gained mutation: You have a pair of large horns on your
                  | head. [potion of mutation]
  5743 | D:7      | Gained mutation: You are dopey. (Int -2) [potion of
                  | mutation]
  5743 | D:7      | Gained mutation: You are strong-willed. (Will+) [potion of
                  | mutation]
  5844 | D:8      | Reached skill level 7 in Axes
  5888 | D:8      | Noticed a hornet
  5889 | D:8      | Noticed a komodo dragon
  5907 | D:8      | Reached skill level 6 in Dodging
  5910 | D:8      | Killed a hornet
  5911 | D:8      | Reached XP level 9. HP: 74/81 MP: 8/8
  5924 | D:7      | Killed a komodo dragon
  5925 | D:7      | Reached skill level 8 in Fighting
  5925 | D:7      | Reached skill level 8 in Armour
  6112 | D:8      | Reached skill level 8 in Axes
  6117 | D:8      | Reached skill level 7 in Dodging
  6491 | D:8      | Found a staircase to the Lair.
  6536 | D:8      | Reached skill level 9 in Fighting
  6536 | D:8      | Reached skill level 9 in Armour
  6585 | D:8      | Found an ancient bone altar of Kikubaaqudgha.
  6638 | D:8      | Reached * piety under Hepliaklqana
  6915 | D:8      | Reached XP level 10. HP: 62/81 MP: 7/9
  7424 | D:9      | Found Pyrurchoo's Antique Weapon Emporium.
  7523 | D:9      | Reached skill level 9 in Axes
  7585 | D:9      | Noticed an orange demon
  7659 | D:9      | Found a bloodstained altar of Trog.
  7666 | D:9      | Reached skill level 8 in Dodging
  7746 | D:9      | Reached ** piety under Hepliaklqana
  7747 | D:9      | Remembered your ancestor Sanele as a hexer
  7898 | D:9      | Reached skill level 10 in Fighting
  8010 | D:9      | Reached skill level 10 in Armour
  8188 | D:10     | Entered Level 10 of the Dungeon
  8233 | D:10     | You add the spells Gell's Gravitas, Teleport Other and
                  | Dispersal to your library.
  8257 | D:10     | Found Fizaor's Book Boutique.
  8471 | D:10     | You pick up a book of Chaos and begin reading...
  8471 | D:10     | You add the spells Conjure Ball Lightning, Disjunction and
                  | Discord to your library.
  8497 | D:10     | Reached skill level 10 in Axes
  8668 | D:10     | Reached skill level 9 in Dodging
  8993 | D:11     | Noticed a manticore
  9000 | D:11     | Killed a manticore
  9007 | D:11     | Reached XP level 11. HP: 71/90 MP: 7/10
  9127 | D:11     | Noticed a cyan ugly thing
  9137 | D:11     | Killed a cyan ugly thing
  9150 | D:11     | HP: 14/90 [acid dragon/splash of acid (10)]
  9511 | D:5      | Noticed Grinder
  9599 | D:5      | Noticed Duvessa
  9602 | D:5      | Killed Grinder
  9603 | D:5      | Reached skill level 11 in Fighting
  9604 | D:5      | Noticed Dowan
  9608 | D:5      | Killed Duvessa
  9609 | D:5      | Reached skill level 11 in Armour
  9618 | D:5      | Killed Dowan
  9757 | D:5      | Found a snail-covered altar of Cheibriados.
 10633 | Lair:1   | Entered Level 1 of the Lair of Beasts
 10643 | Lair:1   | HP: 21/91 [poisoned by a cane toad]
 10648 | D:8      | HP: 14/91 [poisoned by a cane toad]
 11009 | Lair:1   | Noticed a seven-headed hydra
 11265 | D:11     | Found Xedisyu's Magic Scroll Shop.
 11333 | D:11     | Reached skill level 11 in Axes
 11351 | D:11     | Found a staircase to the Orcish Mines.
 11460 | D:11     | Noticed a four-headed hydra
 11470 | D:11     | Killed a four-headed hydra
 11570 | D:11     | your +0 crystal plate armour {rare=g} glows green for a
                  | moment.
 11571 | D:11     | your +1 crystal plate armour {rare=g} glows green for a
                  | moment.
 11572 | D:11     | your +2 crystal plate armour {rare=g} glows green for a
                  | moment.
 11704 | D:11     | Reached *** piety under Hepliaklqana
 12039 | D:12     | Found a snail-covered altar of Cheibriados.
 12058 | D:12     | Reached skill level 12 in Fighting
 12058 | D:12     | Reached skill level 12 in Armour
 12231 | D:12     | Noticed Fannar
 12332 | Orc:1    | Entered Level 1 of the Orcish Mines
 12421 | Orc:1    | Found Qonoq's Firing Range.
 12454 | Orc:1    | Noticed Nergalle
 12464 | Orc:1    | Killed Nergalle
 12647 | Orc:1    | Reached skill level 12 in Axes
 12654 | Orc:1    | Noticed Josephine
 12659 | Orc:1    | Killed Josephine
 12712 | Orc:2    | Entered Level 2 of the Orcish Mines
 12795 | Orc:2    | Noticed an orc sorcerer
 12797 | Orc:2    | Reached XP level 12. HP: 88/101 MP: 11/11
 12879 | Orc:2    | Found Esur's Antique Armour Boutique.
 12879 | Orc:2    | Found Sida Qupp's Book Shop.
 12879 | Orc:2    | Found Ecuan's Magic Scroll Shop.
 12895 | Orc:2    | Found Igioka's Weapon Boutique.
 12898 | Orc:2    | HP: 17/97 [sixfirhy[an orc sorcerer] (12)]
 12899 | Orc:2    | HP: 6/95 [poisoned by an orange demon]
 12902 | Orc:2    | HP: 2/95 [poisoned by an orange demon]
 13014 | Orc:2    | Reached skill level 13 in Fighting
 13014 | Orc:2    | Reached skill level 13 in Armour
 13063 | Orc:2    | Noticed an orc high priest
 13066 | Orc:2    | HP: 17/101 [smoke demon/ball of steam[an orc high priest]
                  | (23)]
 13153 | Orc:2    | Killed an orc high priest
 13295 | Orc:2    | Found a staircase to the Elven Halls.
 13481 | Orc:2    | Reached **** piety under Hepliaklqana
 13868 | Elf:1    | Entered Level 1 of the Elven Halls
 13873 | Elf:1    | Reached skill level 13 in Axes
 14039 | Elf:2    | Noticed a deep elf sorcerer
 14062 | Elf:1    | Paralysed by an air elemental for 1 turns
 14066 | Elf:1    | Paralysed by an air elemental for 1 turns
 14070 | Elf:1    | Paralysed by an air elemental for 1 turns
 14300 | Elf:1    | Reached skill level 14 in Fighting
 14300 | Elf:1    | Reached skill level 14 in Armour
 14356 | Elf:1    | Paralysed by an air elemental for 1 turns
 14359 | Elf:1    | Paralysed by an air elemental for 1 turns
 14624 | Elf:1    | Reached skill level 14 in Axes
 14813 | Elf:1    | Reached XP level 13. HP: 104/112 MP: 12/12
 15329 | Elf:1    | Reached skill level 15 in Fighting
 15337 | Elf:1    | Reached skill level 15 in Armour
 15449 | Elf:1    | Reached skill level 15 in Axes
 16780 | D:13     | HP: 23/114 [smoke demon/divine providence[an orc sorcerer]
                  | (8)]
 17061 | D:13     | Reached skill level 16 in Fighting
 17066 | D:13     | Found a gate to the Vaults.
 17091 | D:13     | Reached skill level 16 in Armour
 17133 | D:13     | Found a gate leading to a gauntlet.
 17142 | Gauntlet | Entered a Gauntlet
 17142 | Gauntlet | Found a runed translucent door.
 17142 | Gauntlet | Found a transporter.
 17142 | Gauntlet | Found a runed translucent door.
 17142 | Gauntlet | Found a transporter.
 17160 | Gauntlet | Found a transporter.
 17163 | Gauntlet | Found a transporter.
 17164 | Gauntlet | Found a transporter.
 17164 | Gauntlet | Found a transporter.
 17195 | Gauntlet | Found a transporter.
 17198 | Gauntlet | Found a transporter.
 17202 | Gauntlet | Noticed a reaper
 17207 | Gauntlet | Found a transporter.
 17221 | Gauntlet | Noticed a green death
 17223 | Gauntlet | Found a transporter.
 17238 | Gauntlet | Found a transporter.
 17242 | Gauntlet | Found a transporter.
 17849 | Gauntlet | Reached XP level 14. HP: 123/123 MP: 13/13
 17885 | Gauntlet | Identified the +0 helmet "Lomnypn" {rCorr}
 17956 | Gauntlet | Identified the +7 battleaxe "Wihy" {spect, rElec rN+ Str+5
                  | Dex-5}
 18728 | D:14     | Reached skill level 16 in Axes
 19224 | D:14     | Noticed a sphinx
 19257 | D:14     | Killed a sphinx
 19258 | D:14     | Reached skill level 17 in Fighting
 19275 | D:14     | Reached skill level 17 in Armour
 19276 | D:14     | a +2 double sword of holy wrath {longrare=g}; a +0 arbalest
                  | {crossbow}; 13 bolts
 19281 | D:14     | Identified the +0 trident "Noung" {vorpal, rF+ rC+ rCorr}
 19290 | D:14     | You pick up a book of Spectacle and begin reading...
 19290 | D:14     | You add the spells Dazzling Flash, Iskenderun's Mystic
                  | Blast and Starburst to your library.
 19295 | D:14     | E - a +2 double sword of holy wrath {longrare=g}
 19366 | D:14     | You pick up a book of Rime and begin reading...
 19366 | D:14     | You add the spells Frozen Ramparts, Ice Form and Summon Ice
                  | Beast to your library.
 19405 | D:14     | You pick up a book of Dreams and begin reading...
 19405 | D:14     | You add the spells Ensorcelled Hibernation, Spider Form and
                  | Anguish to your library.
 19695 | D:14     | Reached skill level 17 in Axes
 19929 | D:14     | Reached ***** piety under Hepliaklqana
 20129 | D:15     | Entered Level 15 of the Dungeon
 20391 | D:15     | Found a staircase to the Depths.
 20673 | D:15     | Reached XP level 15. HP: 133/133 MP: 14/14
 21000 | Depths:1 | Entered Level 1 of the Depths
 21002 | Depths:1 | You pick up a book of the Wilderness and begin reading...
 21002 | Depths:1 | You add the spells Summon Forest, Summon Mana Viper and
                  | Summon Cactus Giant to your library.
 21034 | Depths:1 | Reached skill level 18 in Fighting
 21038 | Depths:1 | Reached skill level 18 in Armour
 21236 | D:15     | Reached skill level 18 in Axes
 21448 | D:15     | HP: 32/135 [spark wasp (4)]
 21448 | D:15     | Slain by a white ugly thing

Vanquished Creatures
  A sphinx (D:14)
  A caustic shrike zombie (D:15)
  3 very ugly things
  A minotaur (Gauntlet)
  3 spark wasps (D:15)
  An ettin (D:14)
  A deep elf death mage (D:15)
  A fire dragon (D:14)
  Josephine (Orc:1)
  5 vault guards (D:13)
  A yaktaur captain (D:14)
  5 hydras
  2 ogre magi
  7 centaur warriors
  5 two-headed ogres (D:15)
  5 dancing weapons (Elf:1)
  A death knight (D:13)
  2 deep troll shamans (D:15)
  A vampire mage (D:15)
  A tengu warrior (D:14)
  An orc high priest (Orc:2)
  7 deep elf knights
  2 soul eaters (D:15)
  Nergalle (Orc:1)
  A sun demon (D:15)
  A golden dragon zombie (D:15)
  An iron troll (D:15)
  2 skeletal warriors (D:15)
  A deep troll (D:15)
  3 glowing orange brains
  A necromancer (D:15)
  9 deep elf archers
  A large abomination (Gauntlet)
  10 deep elf zephyrmancers
  15 deep elf pyromancers
  A frost giant zombie (D:15)
  7 orc sorcerers
  4 ugly things
  6 manticores
  A salamander (shapeshifter) (Elf:1)
  6 cyclopes
  A guardian serpent (shapeshifter) (D:14)
  A fire giant skeleton (D:15)
  A gargoyle (D:14)
  A freezing wraith (D:14)
  A komodo dragon (D:7)
  A kobold demonologist (D:9)
  A yaktaur (D:13)
  A komodo dragon (shapeshifter) (D:14)
  3 efreet
  A tengu conjurer (D:14)
  A meliai (D:14)
  Grinder (D:5)
  7 trolls
  A hornet (D:8)
  A slime creature (D:14)
  A centaur simulacrum (D:15)
  2 water elementals (Elf:1)
  5 wraiths
  2 air elementals (Elf:1)
  2 basilisks
  10 yaks
  2 wyverns
  2 fire elementals (Elf:1)
  7 vampire mosquitoes
  2 wargs
  2 water moccasins
  Duvessa (D:5)
  3 acid dragons
  13 orc warriors
  A hornet zombie (D:8)
  An ice beast (D:4)
  3 small abominations (Gauntlet)
  A sky beast (D:7)
  3 black bears
  A wolf (Lair:1)
  3 ogres
  22 centaurs
  A kobold brigand (D:10)
  A phantom (D:6)
  5 bullfrogs
  An earth elemental (Elf:1)
  A gnoll sergeant (D:5)
  3 scorpions
  Dowan (D:5)
  15 wights
  5 killer bees
  5 howler monkeys
  7 centaur zombies
  A bullfrog skeleton (D:3)
  4 jellies
  2 centaur skeletons
  A gnoll shaman (D:5)
  19 orc priests
  Terence (D:2)
  2 hexers
  An iguana (D:3)
  22 orc wizards
  Natasha (thrice) (D:2)
  2 killer bee zombies
  2 howler monkey zombies
  7 adders
  14 gnolls
  3 worms
  A dart slug (D:1)
  45 orcs
  3 endoplasms (D:2)
  A giant cockroach (D:2)
  12 goblins
  6 hobgoblins
  4 jackals (D:1)
  16 kobolds
  4 quokkas
  2 training dummies (Orc:1)
  7 ball pythons
  4 bats
  7 frilled lizards
  A kobold zombie (D:3)
  5 rats
  2 bushes (D:3)
  A withered plant (D:15)
491 creatures vanquished.

Vanquished Creatures (collateral kills)
  A very ugly thing (D:15)
  An ice dragon (D:15)
  A centaur warrior (D:14)
  2 deep trolls (D:15)
  2 deep elf archers (Elf:1)
  A deep elf pyromancer (Elf:1)
  An orc sorcerer (Orc:2)
  An ugly thing (D:15)
  A cane toad (Lair:1)
  A troll (D:11)
  A shadow (D:12)
  A human (D:3)
  2 orc warriors (Orc:2)
  An ogre (Orc:2)
  A bullfrog (Lair:1)
  A gnoll sergeant (D:5)
  An orc priest (Orc:2)
  5 orc wizards (Orc:2)
  A gnoll (D:5)
  7 orcs
  3 kobolds (D:10)
  A training dummy (Orc:1)
  A frilled lizard (D:3)
  A rat (D:3)
39 creatures vanquished.

Vanquished Creatures (others)
  2 water elementals (Elf:1)
  17 hexers
  An orc wizard (Orc:2)
  A demonic plant (Gauntlet)
  38 fungi
  70 plants
  4 toadstools (D:1)
  7 withered plants
140 creatures vanquished.

Grand Total: 670 creatures vanquished

Table legend:
 A = Non-vault XP
 B = Vault XP
 C = Vault XP percentage of total XP
 D = Non-vault monster count
 E = Vault monster count
 F = Vault count percentage of total count
                 A         B        C        D         E       F
            +---------+---------+-------+---------+---------+-------
      Total |   75489 |   54481 |  41.9 |     368 |     158 |  30.0
            +---------+---------+-------+---------+---------+-------
        D:1 |      33 |       0 |   0.0 |      18 |       0 |   0.0
        D:2 |     137 |      73 |  34.8 |      26 |       2 |   7.1
        D:3 |     274 |     205 |  42.8 |      33 |      10 |  23.3
        D:4 |     331 |       0 |   0.0 |      17 |       0 |   0.0
        D:5 |     787 |     499 |  38.8 |      22 |       3 |  12.0
        D:6 |     728 |       0 |   0.0 |      11 |       0 |   0.0
        D:7 |     791 |     383 |  32.6 |      15 |       1 |   6.2
        D:8 |    1532 |    1207 |  44.1 |      28 |       9 |  24.3
        D:9 |    2523 |       0 |   0.0 |      20 |       0 |   0.0
       D:10 |    2014 |     133 |   6.2 |      19 |       1 |   5.0
       D:11 |    5014 |       0 |   0.0 |      16 |       0 |   0.0
       D:12 |    1053 |       5 |   0.5 |       9 |       1 |  10.0
       D:13 |    3684 |    6051 |  62.2 |      11 |      10 |  47.6
       D:14 |    3037 |   20415 |  87.1 |       7 |      35 |  83.3
       D:15 |   29062 |    8371 |  22.4 |      51 |      11 |  17.7
     Temple |      29 |       0 |   0.0 |       2 |       0 |   0.0
     Lair:1 |     819 |     142 |  14.8 |       4 |       1 |  20.0
      Orc:1 |     306 |    3201 |  91.3 |       2 |      11 |  84.6
      Orc:2 |    2970 |    4304 |  59.2 |      22 |      45 |  67.2
      Elf:1 |   18273 |    7665 |  29.6 |      33 |      13 |  28.3
   Depths:1 |    2092 |       0 |   0.0 |       2 |       0 |   0.0
   Gauntlet |       0 |    1827 | 100.0 |       0 |       5 | 100.0
            +---------+---------+-------+---------+---------+-------

Illustrated notes

Table legend:
 A = Kills in this place as a percentage of kills in entire the game.
 B = Kills by you in this place as a percentage of kills by you in the entire game.
 C = Kills by friends in this place as a percentage of kills by friends in the entire game.
 D = Other kills in this place as a percentage of other kills in the entire game.
 E = Experience gained in this place as a percentage of experience gained in the entire game.
 F = Experience gained in this place divided by the number of levels of this place that you have seen.
                   A       B       C       D       E      F
               +-------+-------+-------+-------+-------+----------------------
         Total | 100.0 | 100.0 | 100.0 | 100.0 | 100.0 | 5650.9
       Dungeon |  73.4 |  75.9 |  43.6 |  50.0 |  68.0 | 5889.5
        Temple |   0.4 |   0.4 |   0.0 |   0.0 |   0.0 |  29.0
          Lair |   1.0 |   0.6 |   5.1 |   0.0 |   0.7 | 961.0
  Orcish Mines |  15.2 |  12.8 |  43.6 |  50.0 |   8.3 | 5390.5
   Elven Halls |   8.7 |   8.9 |   7.7 |   0.0 |  20.0 | 12969.0
        Depths |   0.4 |   0.4 |   0.0 |   0.0 |   1.6 | 2092.0
      Gauntlet |   1.0 |   1.0 |   0.0 |   0.0 |   1.4 | 1827.0
               +-------+-------+-------+-------+-------+----------------------

Table legend: (Time is in decaauts)
 A = Elapsed time spent in this place.
 B = Non-inter-level travel time spent in this place.
 C = Inter-level travel time spent in this place.
 D = Time resting spent in this place.
 E = Time spent auto-exploring this place.
 F = Levels seen in this place.
 G = Mean time per level.
                   A        B        C        D        E       F      G
               +--------+--------+--------+--------+--------+-----+--------+
         Total |  21788 |  20517 |   1271 |   2835 |   9881 |  23 |  947.3 |
       Dungeon |  16576 |  15481 |   1095 |   2101 |   8475 |  15 | 1105.1 |
        Temple |    338 |    338 |      0 |     86 |    215 |   1 |  338.0 |
          Lair |     81 |     81 |      0 |      0 |      0 |   1 |   81.0 |
  Orcish Mines |   2040 |   1884 |    156 |    316 |    710 |   2 | 1020.0 |
   Elven Halls |   1816 |   1799 |     17 |    297 |    359 |   2 |  908.0 |
        Depths |     65 |     65 |      0 |      0 |      0 |   1 |   65.0 |
      Gauntlet |    870 |    870 |      0 |     35 |    122 |   1 |  870.0 |
               +--------+--------+--------+--------+--------+-----+--------+

Top non-repeatable levels by time:
     D:8: 1834 daAuts
   Elf:1: 1803 daAuts
    D:14: 1550 daAuts
     D:2: 1450 daAuts
     D:3: 1366 daAuts
     D:7: 1341 daAuts
   Orc:2: 1341 daAuts
    D:10: 1122 daAuts
     D:6: 1117 daAuts
    D:11: 1109 daAuts
    D:13: 1096 daAuts
    D:15: 1092 daAuts
Gauntlet: 870 daAuts
     D:9: 840 daAuts
     D:5: 801 daAuts
